 Dungeon Crawl Stone Soup version 0.20.1-1-g8b1a95d (webtiles) character file.

88 lukaszpoke the Firebug (level 4, -3/24 HPs)
             Began as a Deep Elf Fire Elementalist on Oct 15, 2017.
             Slain by an adder (5 damage)
             ... on level 2 of the Dungeon.
             The game lasted 00:08:44 (720 turns).

lukaszpoke the Firebug (Deep Elf Fire Elementalist)  Turns: 720, Time: 00:08:44

Health: -3/24      AC:  2    Str:  5    XL:     4   Next: 30%
Magic:  0/12       EV: 13    Int: 21    God:
Gold:   49         SH:  0    Dex: 15    Spells: 10/11 levels left

rFire    . . .     SeeInvis .   e - +0 whip
rCold    . . .     Gourm    .   (no shield)
rNeg     . . .     Faith    .   a - +0 robe
rPois    .         Spirit   .   (no helmet)
rElec    .         Reflect  .   (no cloak)
rCorr    .         Harm     .   (no gloves)
MR       .....                  (no boots)
Stlth    ++........             (no amulet)
Regen    0.1/turn               (no ring)
MPRegen  0.2/turn               (no ring)

@: hasted, very quick
A: no striking features
a: no special abilities


You were on level 2 of the Dungeon.
You were not hungry.

You visited 1 branch of the dungeon, and saw 2 of its levels.

You collected 49 gold pieces.

Inventory:

Hand Weapons
 e - a +0 whip (weapon)
Missiles
 d - 7 needles of frenzy
Armour
 a - a +0 robe (worn)
Potions
 f - a potion of curing
 h - a potion of lignification
Books
 b - a book of Flames

   Spells                             Type                      Level
   a - Flame Tongue                   Conjuration/Fire             1
   b - Throw Flame                    Conjuration/Fire             2
   c - Conjure Flame                  Conjuration/Fire             3
   d - Inner Flame                    Hexes/Fire                   3
   e - Sticky Flame                   Conjuration/Fire             4
   f - Fireball                       Conjuration/Fire             5
Comestibles
 c - a bread ration


   Skills:
 + Level 3.0 Dodging
 + Level 2.8 Stealth
 + Level 4.0 Spellcasting
 + Level 1.8 Conjurations
 + Level 4.4 Fire Magic


You had 10 spell levels left.
You knew the following spells:

 Your Spells              Type           Power        Failure   Level  Hunger
a - Flame Tongue          Conj/Fire      ###..        3%          1    None


Dungeon Overview and Level Annotations

Branches:
Dungeon (2/15)

Altars:

Annotations:
D:2 Natasha


Message History

Aiming: Flame Tongue
Press: ? - help, Shift-Dir - straight line, f/p - adder
Aim: an adder The flame tongue hits the adder.
The adder is lightly wounded.
The adder misses you. The adder closely misses you.
Unknown command.
Natasha casts a spell.
Okay, then.
Okay, then.
You feel yourself speed up. The adder misses you.
The shadow imp lashes its tail.
Natasha mumbles some strange words.
Natasha casts a spell.
Casting: Flame Tongue
Confirm with . or Enter, or press ? or * to list all spells.
Aiming: Flame Tongue
Press: ? - help, Shift-Dir - straight line, f/p - adder
Aim: an adder The flame tongue misses the adder.
The adder bites you.
You die...

######### ........# ........#
.......<# . ........# ..
........##### ... ............#
.... ........###.##########?....
........# #.....@S.........
....<...# #########5.#....
.....)..# ###...## >......
####.#### #####.5.### ..........
......# ###55.h.### ..........
......# #...##### .........
......###....####### ..........
...h...h...........#####.........
......########...#....†..#..##...


You could see an adder and a shadow imp.

Vanquished Creatures
  Natasha (twice) (D:2)
  An adder (D:2)
  An ooze (D:1)
  3 dart slugs (D:1)
  A bat (D:1)
  A goblin (D:2)
  3 hobgoblins (D:1)
  5 kobolds
  5 rats
22 creatures vanquished.

Notes
Turn   | Place    | Note
-------+----------+-------------------------------------------
     0 | D:1      | lukaszpoke the Deep Elf Fire Elementalist began the quest for the Orb.
     0 | D:1      | Reached XP level 1. HP: 10/10 MP: 6/6
    79 | D:1      | Reached XP level 2. HP: 15/15 MP: 1/8
   601 | D:2      | Noticed Natasha
   608 | D:2      | Killed Natasha
   608 | D:2      | Reached XP level 3. HP: 19/19 MP: 5/10
   675 | D:2      | Noticed Natasha
   688 | D:2      | Killed Natasha
   688 | D:2      | Reached XP level 4. HP: 6/24 MP: 0/12
   704 | D:2      | Noticed Natasha
   720 | D:2      | Slain by an adder

Skill      XL: |  1  2  3 |
---------------+----------+-----
Fire Magic     | 4 |  4.4
Dodging        | 3 |  3.0
Spellcasting   | 4 |  4.0
Stealth        | |  2.8
Conjurations   | |  1.8

Action                   |  1- 3 |  4- 6 || total
-------------------------+-------+-------++-------
Melee: Unarmed           |     2 |       ||     2
       Whip              |     1 |       ||     1
 Cast: Flame Tongue      |    46 |     5 ||    51
  Use: Scroll            |     8 |       ||     8
       Potion            |       |     1 ||     1
Armor: Robe              |     6 |     2 ||     8
Dodge: Dodged            |    12 |    10 ||    22
